 Dungeon Crawl Stone Soup version 0.25-a0-705-ge9988fc0fb (webtiles) character file.

Game seed: 8693296167681928604, levelgen mode: deterministic

86660 Maedhros the Martial Artist (level 15, -4/102 HPs)
             Began as an Octopode Artificer on Apr 4, 2020.
             Was the Champion of Cheibriados.
             Killed by the raging water
             ... invoked by a water nymph
              (31 damage)
             ... on level 1 of the Shoals.
             The game lasted 00:52:18 (26399 turns).

Maedhros the Martial Artist (Octopode Artificer)   Turns: 26399, Time: 00:52:18

Health: -4/102     AC:  1    Str: 28    XL:     15   Next: 88%
Magic:  16/22      EV: 22    Int: 30    God:    Cheibriados [******]
Gold:   1327       SH: 22    Dex: 33    Spells: 7/24 levels left

rFire    + . .     SeeInvis .     - Unarmed
rCold    x . .     Gourm    .   v - +2 tower shield
rNeg     . . .     Faith    .   (helmet restricted)
rPois    +         Spirit   .   a - amulet of regeneration
rElec    .         Reflect  .   I - ring of stealth
rCorr    +         Harm     .   t - ring of resist corrosion
MR       ++...                  N - ring of poison resistance
Stlth    +++++++++.             b - ring of fire
HPRegen  1.07/turn              (no ring)
MPRegen  0.18/turn              j - +2 ring of slaying
                                (no ring)
                                (no ring)

@: studying Ice Magic, very slow
A: almost no armour, stealthy swim, amphibious, 8 rings, constrict 8, camouflage
1, magic resistance 1, regeneration 1, strong 1, gelatinous body 1, MP-powered
wands
a: Bend Time, Temporal Distortion, Slouch, Step From Time, Renounce Religion


You were on level 1 of the Shoals.
You worshipped Cheibriados.
Cheibriados was exalted by your worship.
You were hungry.

You visited 5 branches of the dungeon, and saw 24 of its levels.
You also visited: Ice Cave.

You collected 2213 gold pieces.
You spent 886 gold pieces at shops.

Inventory:

Hand Weapons
 S - the +2 whip "Tausme Ecaf" {speed, rN+ MR+ Str+2 Dex+4, unknown}
   (You found it on level 1 of the Lair of Beasts)

   Attacks with this weapon are significantly faster.
   It affects your strength (+2).
   It affects your dexterity (+4).
   It protects you from negative energy.
   It affects your resistance to hostile enchantments.
   Cheibriados disapproves of the use of such an item.
Missiles
 w - 29 poisoned darts
 y - 5 javelins (quivered)
 T - 2 boomerangs of dispersal
Armour
 v - a +2 tower shield (worn)
 A - a +4 kite shield
Jewellery
 a - an amulet of regeneration (around mantle)
 b - a ring of fire (on tentacle)
 j - a +2 ring of slaying (on tentacle)
 t - a ring of resist corrosion (right tentacle)
 I - a ring of stealth (left tentacle)
 N - a ring of poison resistance (on tentacle)
 Y - an uncursed ring of ice
Wands
 c - a wand of enslavement (8)
 d - a wand of iceblast (10)
 z - a wand of clouds (2)
 E - a wand of paralysis (5)
 G - a wand of polymorph (6)
 L - a wand of digging (7)
 P - a wand of acid (3)
 V - a wand of disintegration (15)
 W - a wand of flame (20)
Scrolls
 h - 11 scrolls of teleportation
 i - a scroll of holy word {unknown}
 k - 4 scrolls of amnesia
 m - 4 scrolls of enchant weapon
 s - 2 scrolls of noise {unknown}
 u - 6 scrolls of remove curse
 x - a scroll of random uselessness {unknown}
 D - 4 scrolls of fear {unknown}
 F - 3 scrolls of fog {unknown}
 J - a scroll of immolation {unknown}
 K - 8 scrolls of magic mapping {unknown}
 Q - 6 scrolls of vulnerability {unknown}
 R - 4 scrolls of blinking
 U - 2 scrolls of enchant armour
 X - 6 scrolls of identify
Potions
 e - 3 potions of ambrosia {unknown}
 g - 10 potions of curing
 l - a potion of heal wounds {unknown}
 n - a potion of resistance
 o - a potion of magic
 q - 6 potions of brilliance
 r - a potion of flight {unknown}
 C - 2 potions of cancellation
 M - 4 potions of lignification
 O - a potion of stabbing
Books
 p - a manual of Ice Magic
 B - a manual of Ice Magic
Miscellaneous
 H - a lightning rod (4/4)
Comestibles
 f - 43 rations


   Skills:
 - Level 9.4 Fighting
   Level 1.0 Short Blades
 - Level 9.6 Dodging
 - Level 11.0 Stealth
 - Level 10.0 Shields
 - Level 12.7 Unarmed Combat
 + Level 5.0 Spellcasting
 * Level 8.2 Transmutations
 * Level 11.4 Ice Magic
 + Level 4.2 Air Magic
 - Level 8.5 Invocations
 - Level 9.1 Evocations


You had 7 spell levels left.
You knew the following spells:

 Your Spells              Type           Power        Failure   Level  Hunger
a - Blade Hands           Tmut           ######....   36%         5    #####..
b - Freezing Cloud        Conj/Ice/Air   #####.....   100%        6    ######.
c - Ozocubu's Refrigerat  Ice            ######....   50%         6    ######.

Your spell library contained the following spells:

 Spells                   Type           Power        Failure   Level  Hunger
 Beastly Appendage        Tmut           ######       1%          1    None
 Sticks to Snakes         Tmut           ######..     2%          2    None
 Ice Form                 Ice/Tmut       ######..     7%          4    ###....
 Passwall                 Tmut/Erth      ####....     12%         2    None
 Spider Form              Tmut/Pois      ####......   22%         3    None
 Foxfire                  Conj/Fire      ##..         38%         1    None
 Sandblast                Erth           #.....       38%         1    None
 Petrify                  Tmut/Erth      ####....     58%         4    ###....
 Metabolic Englaciation   Hex/Ice        #####.....   73%         5    #####..
 Confusing Touch          Hex            #.......     77%         3    None
 Conjure Flame            Conj/Fire      ##......     77%         3    None
 Gell's Gravitas          Tloc           #.........   77%         3    None
 Inner Flame              Hex/Fire       ##......     77%         3    None
 Stone Arrow              Conj/Erth      #.....       77%         3    None
 Yara's Violent Unravell  Hex/Tmut       ####......   91%         5    #####..
 Sticky Flame             Conj/Fire      ##......     99%         4    ###....
 Simulacrum               Ice/Necr       #####.....   99%         6    ######.
 Fireball                 Conj/Fire      ##........   100%        5    #####..
 Lee's Rapid Deconstruct  Erth           #.........   100%        5    #####..


Dungeon Overview and Level Annotations

Branches:
Dungeon (13/15)            Temple (1/1) D:5            Lair (6/6) D:8
 Shoals (2/4) Lair:2       Spider (0/4) Lair:4        Slime (0/5) Lair:5
    Orc (2/2) D:9             Elf (0/3) Orc:2        Vaults (0/5) D:13
  IceCv (visited)

Altars:
Ashenzari
Cheibriados
Dithmenos
Elyvilon
Fedhas
Gozag
Hepliaklqana
Kikubaaqudgha
Makhleb
Nemelex Xobeh
Okawaru
Qazlal
Ru
Sif Muna
Trog
Uskayaw
Vehumet
Wu Jian
Xom
Yredelemnul
The Shining One
Beogh
Jiyva

Shops:
D:5 (   Orc:1 ?   Orc:2 :[(*


Innate Abilities, Weirdness & Mutations

You cannot wear most types of armour.
You are very stealthy in the water. (Stealth+)
You are amphibious.
You can wear up to eight rings at the same time.
You can use your tentacles to constrict eight enemies at once.
Your skin changes colour to match your surroundings (Stealth+).
Your rubbery body absorbs attacks. (AC +1, EV +1)
You are resistant to hostile enchantments. (MR+)
Your natural rate of healing is unusually fast.
Your muscles are strong. (Str +2)
You expend magic power (3 MP) to strengthen your wands.


Message History

You climb upwards.
A water nymph comes into view.
There is a stone staircase leading down here.
Unknown command.
Unknown command.
Unknown command.
A water nymph is nearby!
The water nymph shouts!
The water nymph points at you and mumbles some strange words.
The water swirls and strikes you!
You are too injured to fight recklessly!
You are too injured to fight recklessly!
You are too injured to fight recklessly!
You are too injured to fight recklessly!
The water nymph points at you and mumbles some strange words.
The water swirls and strikes you!!
* * * LOW HITPOINT WARNING * * *
The water nymph gestures at you while chanting.
The water swirls and strikes you!!
You die...

≈≈≈≈≈≈≈≈.......≈≈≈≈≈≈≈≈.....P...P
≈≈≈≈≈≈≈≈≈......≈≈≈≈≈≈≈≈..#####...
≈≈≈≈≈≈≈≈≈≈≈...≈≈≈≈≈≈≈....# #....
≈≈≈≈≈≈≈≈≈≈≈≈≈≈≈≈≈≈≈≈≈...## #....
≈≈≈≈≈≈≈≈≈≈≈≈≈≈≈≈≈≈≈≈≈≈.## #...#
≈≈≈≈≈.≈≈≈≈≈≈≈≈≈≈≈≈≈≈≈≈## #####
≈≈≈≈≈.≈≈≈≈≈≈≈≈≈≈m≈≈...## ###
≈≈≈≈≈≈≈≈≈.≈≈..≈≈≈≈≈....## ###..
≈≈..≈≈≈≈≈≈≈≈..≈≈@.......# ##....
≈≈≈..≈≈≈≈≈≈≈≈≈≈≈≈≈....### ##...≈≈
≈≈≈≈≈≈≈≈≈≈≈(.<.≈≈≈....#####......
≈...............>.(....#.....[...
≈....≈.....#........#.........###
≈≈...≈......≈....####.....≈≈..###
≈≈≈....≈≈.......##.........≈..##.
≈≈≈≈≈≈≈≈≈..................≈≈....
≈≈≈≈≈≈≈≈≈..≈..............≈≈≈≈≈≈≈


You could see a water nymph.

Vanquished Creatures
  Rupert (Lair:5)
  An orc warlord (Orc:2)
  Azrael (Orc:2)
  Josephine (Lair:6)
  Snorg (Orc:1)
  A fire dragon (Lair:6)
  Harold (D:9)
  A vault guard (D:13)
  10 hydras
  3 centaur warriors
  2 catoblepae
  A merfolk aquamancer (Shoals:2)
  2 merfolk avatars (Shoals:1)
  6 two-headed ogres
  Urug (Lair:1)
  2 satyrs (Shoals:2)
  A deep elf knight (D:13)
  5 orc high priests
  Sonja (Lair:6)
  A fire crab (Lair:5)
  A wizard (D:12)
  An unseen horror (D:10)
  A lindwurm (Lair:6)
  2 sea snakes
  A necromancer (IceCv)
  4 orc knights (Orc:2)
  A deep elf mage (D:13)
  Pikel (D:4)
  2 ugly things
  7 fauns
  6 cyclopes
  3 manticores
  4 orc sorcerers
  3 merfolk sirens
  7 black mambas
  A gargoyle (D:12)
  Maurice (D:10)
  3 molten gargoyles (Lair:6)
  Maggie (D:9)
  11 spiny frogs
  8 komodo dragons
  A yaktaur (Shoals:2)
  A rime drake (Lair:2)
  An efreet (D:11)
  A kobold demonologist (D:12)
  8 freezing wraiths (IceCv)
  A wind drake (Shoals:1)
  8 trolls
  A tyrant leech (Lair:4)
  A polar bear (Lair:4)
  A merfolk (Shoals:1)
  6 hippogriffs
  3 dream sheep
  19 blink frogs
  3 snapping turtles
  Sigmund (D:5)
  4 wraiths
  2 wyverns (Lair:6)
  14 yaks
  A vampire (D:11)
  3 fire elementals (Orc:2)
  3 water elementals (Shoals:2)
  2 death yak simulacra (IceCv)
  3 steam dragons
  6 basilisks
  2 hungry ghosts
  2 wargs (Orc:1)
  9 hell hounds
  3 swamp worms (Lair:4)
  8 water moccasins
  6 porcupines
  A swamp drake (D:9)
  26 orc warriors
  2 slaves (D:4)
  An eye of draining (D:12)
  5 ice beasts (IceCv)
  A necrophage (D:7)
  3 black bears
  2 sky beasts
  11 ogres
  6 wolves
  15 crocodiles
  13 centaurs
  6 big kobolds
  18 bullfrogs
  2 wyvern skeletons
  4 scorpions
  2 killer bees (D:8)
  2 wights
  A howler monkey (D:7)
  2 bullfrog zombies
  2 centaur zombies
  4 crimson imps
  A quasit (D:11)
  5 jellies
  5 lava snakes (Lair:6)
  5 draconian simulacra (IceCv)
  9 hounds
  15 orc priests
  4 centaur skeletons
  8 orc wizards
  3 bullfrog skeletons
  3 iguanas
  A polar bear simulacrum (IceCv)
  A troll simulacrum (IceCv)
  8 worker ants
  5 spriggan simulacra (IceCv)
  3 centaur simulacra (IceCv)
  A hound skeleton (D:5)
  6 gnolls
  2 howler monkey skeletons
  3 ogre simulacra (IceCv)
  6 adders
  3 naga simulacra (IceCv)
  5 shadow imps
  22 white imps
  3 oozes
  An adder zombie (D:6)
  An adder skeleton (D:6)
  2 worms
  4 dart slugs
  5 leopard geckos
  55 orcs
  6 giant cockroaches
  11 goblins
  6 hobgoblins
  10 jackals
  18 kobolds
  4 quokkas
  2 ball pythons (D:1)
  5 bats
  5 frilled lizards
  A leopard gecko zombie (D:7)
  4 rats
  A fungus (Orc:2)
  2 plants
635 creatures vanquished.

Vanquished Creatures (collateral kills)
  A freezing wraith (IceCv)
  A wolf spider simulacrum (IceCv)
  An ice beast (IceCv)
  An orc warrior (Orc:2)
  A centaur (D:11)
  A killer bee (D:8)
  An orc wizard (Orc:1)
  An orc priest (D:8)
  2 white imps (D:12)
  5 orcs
  2 fungi (Orc:2)
17 creatures vanquished.

Vanquished Creatures (others)
  A freezing wraith (IceCv)
  A troll (Orc:1)
  5 yaks
  A human (D:4)
  2 centaurs (D:11)
  Blork the orc (D:4)
  2 killer bees (D:8)
  A wight (D:7)
  An orc wizard (D:4)
  An orc (D:4)
  6 fungi
  5 plants
27 creatures vanquished.

Grand Total: 679 creatures vanquished

Notes
Turn   | Place    | Note
-------+----------+-------------------------------------------
     0 | D:1      | Maedhros the Octopode Artificer began the quest for the
                  | Orb.
     0 | D:1      | Reached XP level 1. HP: 13/13 MP: 3/3
    50 | D:1      | Reached XP level 2. HP: 1/18 MP: 4/4
   566 | D:1      | Reached XP level 3. HP: 10/23 MP: 4/6
  1268 | D:4      | Reached XP level 4. HP: 21/28 MP: 7/7
  1406 | D:4      | Found an ancient bone altar of Kikubaaqudgha.
  1411 | D:4      | Noticed a human
  1412 | D:4      | Killed a human
  1429 | D:4      | Reached skill level 5 in Stealth
  1429 | D:4      | Reached skill level 5 in Evocations
  1429 | D:4      | Reached XP level 5. HP: 19/33 MP: 8/8
  1508 | D:4      | Noticed a slave
  1508 | D:4      | Noticed a slave
  1614 | D:4      | Killed a slave
  1896 | D:4      | Noticed Blork the orc
  1898 | D:4      | Noticed a slave
  1913 | D:5      | Entered Level 5 of the Dungeon
  2154 | D:5      | Found a glowing golden altar of the Shining One.
  2190 | D:5      | Reached XP level 6. HP: 32/38 MP: 10/10
  2403 | D:5      | Found Qekixune's Weapon Shoppe.
  2472 | D:5      | Found a staircase to the Ecumenical Temple.
  2482 | Temple   | Entered the Ecumenical Temple
  2574 | Temple   | Became a worshipper of Cheibriados the Contemplative
  3880 | D:3      | Reached XP level 7. HP: 38/43 MP: 11/11
  3881 | D:3      | Reached * piety under Cheibriados
  4149 | D:4      | Noticed Pikel
  4163 | D:4      | Your ally died
  4169 | D:4      | Killed Pikel
  4169 | D:4      | Reached skill level 1 in Shields
  4169 | D:4      | Reached skill level 2 in Unarmed Combat
  4506 | D:4      | Found a hazy altar of Hepliaklqana.
  4537 | D:4      | Reached XP level 8. HP: 50/50 MP: 12/12
  4963 | D:5      | Found a shimmering altar of Xom.
  4969 | D:5      | Found a shattered altar of Ashenzari.
  4969 | D:5      | Found a sparkling altar of Nemelex Xobeh.
  5061 | D:5      | Noticed Sigmund
  5064 | D:5      | Killed Sigmund
  5064 | D:5      | Reached skill level 3 in Unarmed Combat
  5929 | D:6      | Reached ** piety under Cheibriados
  6298 | D:6      | Reached skill level 4 in Unarmed Combat
  7098 | D:7      | Reached XP level 9. HP: 57/57 MP: 14/14
  7451 | D:7      | Reached skill level 5 in Unarmed Combat
  7817 | D:8      | Reached *** piety under Cheibriados
  8458 | D:8      | Got a twisted hand axe
  8459 | D:8      | Identified the +9 hand axe of Voarphiv {flame, *Drain MR+
                  | Str+3} (You found it on level 8 of the Dungeon)
  8702 | D:8      | Reached **** piety under Cheibriados
  8707 | D:8      | Reached skill level 6 in Unarmed Combat
  8964 | D:8      | Reached XP level 10. HP: 58/65 MP: 14/16
  8993 | D:8      | Found a staircase to the Lair.
  9445 | D:9      | Reached skill level 5 in Dodging
  9450 | D:9      | Noticed Harold
  9461 | D:9      | Killed Harold
  9461 | D:9      | Reached skill level 5 in Fighting
  9782 | D:9      | Noticed Maggie
  9791 | D:9      | Killed Maggie
  9791 | D:9      | Reached skill level 10 in Stealth
 10223 | D:9      | Reached skill level 7 in Unarmed Combat
 10300 | D:9      | Found a staircase to the Orcish Mines.
 10386 | D:10     | Entered Level 10 of the Dungeon
 10513 | D:10     | Reached skill level 5 in Shields
 10560 | D:10     | Reached ***** piety under Cheibriados
 10780 | D:10     | Noticed Maurice
 10785 | D:10     | Killed Maurice
 10904 | D:10     | Reached XP level 11. HP: 42/72 MP: 17/17
 10906 | D:10     | Reached skill level 8 in Unarmed Combat
 11194 | D:10     | Noticed a three-headed hydra
 11203 | D:10     | Killed a three-headed hydra
 11781 | D:10     | Killed an unseen horror
 12038 | D:11     | Noticed a red ugly thing
 12039 | D:11     | Noticed a two-headed ogre
 12044 | D:11     | Killed a red ugly thing
 12044 | D:11     | Reached skill level 1 in Invocations
 12045 | D:11     | Killed a two-headed ogre
 12343 | D:11     | Found a blossoming altar of Fedhas.
 12513 | D:11     | Reached skill level 9 in Unarmed Combat
 12619 | D:11     | Noticed a two-headed ogre
 12625 | D:11     | Killed a two-headed ogre
 12927 | D:12     | Noticed a two-headed ogre
 12936 | D:12     | Killed a two-headed ogre
 12963 | D:12     | Reached XP level 12. HP: 79/80 MP: 18/18
 13000 | D:12     | Found a radiant altar of Vehumet.
 13039 | D:12     | Reached ****** piety under Cheibriados
 13100 | D:12     | Found a frozen archway.
 13144 | IceCv    | Entered an ice cave
 13389 | IceCv    | Reached skill level 5 in Invocations
 13939 | IceCv    | Reached skill level 10 in Unarmed Combat
 14104 | IceCv    | Found an ancient bone altar of Kikubaaqudgha.
 14690 | D:12     | Noticed a two-headed ogre
 14702 | D:12     | Killed a two-headed ogre
 15105 | D:13     | Noticed a centaur warrior
 15109 | D:13     | Killed a centaur warrior
 15149 | D:13     | Noticed a catoblepas
 15149 | D:13     | Noticed a two-headed ogre
 15154 | D:13     | Noticed a two-headed ogre
 15171 | D:13     | Killed a two-headed ogre
 15171 | D:13     | Reached XP level 13. HP: 29/88 MP: 4/19
 15174 | D:13     | Reached skill level 11 in Unarmed Combat
 15716 | D:13     | Noticed a vault guard
 15985 | D:13     | Killed a vault guard
 16004 | D:13     | Found a gate to the Vaults.
 16248 | Orc:1    | Entered Level 1 of the Orcish Mines
 16346 | Orc:1    | Found a roughly hewn altar of Beogh.
 16351 | Orc:1    | Found Jumomp's Magic Scroll Emporium.
 16362 | Orc:1    | Bought a scroll of blinking for 82 gold pieces
 16372 | Orc:1    | Noticed Snorg
 16382 | Orc:1    | Killed Snorg
 16537 | Orc:2    | Entered Level 2 of the Orcish Mines
 16537 | Orc:2    | Noticed Azrael
 16542 | Orc:2    | Killed Azrael
 16542 | Orc:2    | Noticed an orc warlord
 17168 | Orc:2    | Found Peinunio's Antique Weapon Emporium.
 17277 | Orc:2    | Reached skill level 12 in Unarmed Combat
 17934 | Orc:2    | Gained mutation: You are occasionally teleported next to
                  | monsters. [potion of mutation]
 17934 | Orc:2    | Gained mutation: Your flesh is heat resistant. (rF+)
                  | [potion of mutation]
 18018 | Orc:2    | Killed an orc warlord
 18018 | Orc:2    | Reached XP level 14. HP: 58/97 MP: 20/20
 18037 | Orc:2    | Found Devawopi's Book Boutique.
 18394 | Orc:2    | Found a staircase to the Elven Halls.
 18416 | Orc:2    | Found Masia's General Store.
 18426 | Orc:2    | Bought a scroll of identify for 24 gold pieces
 18572 | Orc:2    | Found Xiecuvoh's Antique Armour Shoppe.
 18661 | Orc:2    | Found a roughly hewn altar of Beogh.
 18993 | Lair:1   | Entered Level 1 of the Lair of Beasts
 19345 | Lair:1   | Learned a level 5 spell: Blade Hands
 19534 | Orc:2    | Bought a book of Ice for 780 gold pieces
 19541 | Orc:2    | Learned a level 6 spell: Freezing Cloud
 19826 | Lair:1   | Reached skill level 1 in Ice Magic
 19970 | Lair:1   | Reached skill level 1 in Transmutations
 20258 | Lair:1   | Noticed Urug
 20285 | Lair:1   | Killed Urug
 20285 | Lair:1   | Reached skill level 1 in Spellcasting
 20497 | Lair:1   | Got a brightly glowing whip
 20948 | Lair:2   | Found a staircase to the Shoals.
 21534 | Lair:2   | Lost mutation: Your flesh is heat resistant. (rF+) [potion
                  | of mutation]
 21534 | Lair:2   | Lost mutation: You are occasionally teleported next to
                  | monsters. [potion of mutation]
 21534 | Lair:2   | Gained mutation: Your muscles are strong. (Str +2) [potion
                  | of mutation]
 21534 | Lair:2   | Gained mutation: You are resistant to hostile enchantments.
                  | (MR+) [potion of mutation]
 21534 | Lair:2   | Gained mutation: You expend magic power (3 MP) to
                  | strengthen your wands. [potion of mutation]
 21534 | Lair:2   | Gained mutation: Your natural rate of healing is unusually
                  | fast. [potion of mutation]
 22543 | Lair:4   | Reached skill level 5 in Ice Magic
 22548 | Lair:4   | Reached skill level 10 in Shields
 22685 | Lair:4   | Found a hole to the Spider Nest.
 23694 | Lair:5   | Reached skill level 5 in Transmutations
 23816 | Lair:5   | Noticed Rupert
 23826 | Lair:5   | Killed Rupert
 23826 | Lair:5   | Reached skill level 1 in Air Magic
 23826 | Lair:5   | Reached XP level 15. HP: 102/102 MP: 17/21
 23946 | Lair:5   | Found a viscous altar of Jiyva.
 23948 | Lair:5   | Found a staircase to the Slime Pits.
 24045 | Lair:6   | Entered Level 6 of the Lair of Beasts
 24297 | Lair:6   | Noticed Sonja
 24300 | Lair:6   | Noticed Josephine
 24302 | Lair:6   | Killed Sonja
 24311 | Lair:6   | Killed Josephine
 24951 | Lair:6   | Found a large runed translucent door.
 24951 | Lair:6   | Found a large runed translucent door.
 24960 | Lair:6   | Learned a level 6 spell: Ozocubu's Refrigeration
 25573 | Shoals:1 | Entered Level 1 of the Shoals
 25590 | Shoals:1 | Reached skill level 10 in Ice Magic
 26392 | Shoals:2 | Reached skill level 5 in Spellcasting
 26399 | Shoals:1 | Killed from afar by a water nymph

Levels and vault maps discovered:
D:1:      dpeg_arrival_castle, layout_basic, minmay_pentomino_w4
D:2:      layout_loops_ring, nicolae_overflow_hidden_temple
D:3:      layout_rooms, kennysheep_generic_room_12
D:4:      layout_basic, kennysheep_little_box, tgw_kikubaaqudgha, uniq_pikel,
          uniq_blork_the_orc
D:5:      layout_loops_ring, tso_metal_star,
          gammafunk_temple_overflow_forgotten, minmay_temple_entry_nine_rooms,
          serial_shops, kennysheep_mini_moat, first_ration, kennysheep_path_1,
          uniq_sigmund
D:6:      layout_loops_corners, minmay_misc_feat_tower
D:7:      layout_gridville
D:8:      layout_cave_pods, grunt_lair_entry_orc_guard_hut
D:9:      layout_stronghold, erik_orc_1, uniq_harold, uniq_maggie
D:10:     lemuel_upstairs_altar, layout_loops_cross, hangedman_ranch
          [blue_anna_fruit_fields], nrook_mini_vaults, nrook_campfire,
          uniq_maurice
D:11:     layout_basic, fedhas_altar_4
D:12:     layout_irregular_city, portal_ice_cave_entry_imps, lemuel_tele_altar
D:13:     layout_cave_pools, david_vaults_5
Temple:   minmay_temple_bridge_d
Lair:1:   layout_gridlike, nzn_random_ring, grunt_megastairs_3,
          serial_bayou_shore_a, uniq_urug
Lair:2:   layout_hall_layers, shoals_dummy_entry, grunt_forest_stairs_basic
Lair:3:   layout_regular_city, chequers_serial_rivers_small_a,
          chequers_serial_rivers_micro_a
Lair:4:   layout_long_grid, spider_nest_entry_web_field, worms_lemuel
Lair:5:   layout_misc_corridors, dpeg_slime_entry_enclosed_altar,
          grunt_megastairs_2, uniq_rupert
Lair:6:   cheibrodos_lair_end_hotspot, layout_cave_pods, uniq_sonja,
          uniq_josephine
Shoals:1: layout_shoals, hangedman_shoals_cup_caves
Shoals:2: layout_shoals, ebering_ghost_davey_jones, centaur_isle
Orc:1:    layout_diamond_mine, serial_shops, shop, basic_altar, uniq_snorg
Orc:2:    grunt_orc_gardens, layout_caves, grunt_orc_garden, grunt_orc_garden,
          grunt_orc_garden, grunt_orc_garden, basic_altar, nicolae_orc_rockfall,
          uniq_azrael

Skill      XL: |  1  2  3  4  5  6  7  8  9 10 11 12 13 14 15 |
---------------+----------------------------------------------+-----
Stealth        | 2 3 4 5 6 7 8 9 10 11 | 11.0
Evocations     | 4 5 6 7 8 9 |  9.1
Fighting       | 2 3 4 5 6 7 9 |  9.4
Shields        | 1 3 4 5 6 7 9 10 | 10.0
Unarmed Combat | 2 4 6 7 9 10 12 | 12.7
Dodging        | 3 4 5 7 8 9 |  9.6
Invocations    | 4 7 8 |  8.5
Ice Magic      | 7 11 | 11.4
Transmutations | 5 8 |  8.2
Spellcasting   | 3 5 |  5.0
Air Magic      | 1 4 |  4.2
Short Blades   | |  1.0

Action                   |  1- 3 |  4- 6 |  7- 9 | 10-12 | 13-15 || total
-------------------------+-------+-------+-------+-------+-------++-------
Melee: Short sword       |    77 |    85 |     8 |       |       ||   170
       Constrict         |    24 |    30 |    49 |    54 |   121 ||   278
       Tentacles         |    15 |    26 |    61 |   115 |   260 ||   477
       Dagger            |       |    36 |   170 |       |       ||   206
       Punch             |       |       |     7 |    42 |   108 ||   157
       Hand axe          |       |       |    16 |   236 |       ||   252
       Unarmed           |       |       |       |    40 |   606 ||   646
Throw: Stone             |       |       |       |       |     4 ||     4
       Javelin           |       |       |       |       |     3 ||     3
Invok: Slouch            |       |       |       |     3 |     9 ||    12
       Step From Time    |       |       |       |     1 |       ||     1
Evoke: Wand              |     3 |     3 |    28 |   105 |    61 ||   200
       Lightning rod     |       |       |       |     3 |    11 ||    14
  Use: Scroll            |       |       |    12 |     5 |     7 ||    24
       Potion            |       |       |       |       |     5 ||     5
 Stab: Sleeping          |     3 |    16 |    23 |    21 |    30 ||    93
       Distracted        |       |     1 |       |     2 |     5 ||     8
       Paralysed         |       |       |     2 |    21 |     4 ||    27
       Petrified         |       |       |       |       |     2 ||     2
       Petrifying        |       |       |       |       |     1 ||     1
       Betrayed ally     |       |       |       |       |     1 ||     1
  Eat: Chunk             |     1 |     5 |     7 |     9 |    11 ||    33
       Ration            |       |     1 |       |     1 |     3 ||     5
Armor: Skin              |     6 |     3 |     7 |     6 |     2 ||    24
Dodge: Dodged            |    66 |    60 |   143 |   154 |   284 ||   707
Block: Buckler           |       |     4 |    38 |       |       ||    42
       Kite shield       |       |       |     5 |   235 |   208 ||   448
       Tower shield      |       |       |       |       |   355 ||   355

Table legend:
 A = Non-vault XP
 B = Vault XP
 C = Vault XP percentage of total XP
 D = Non-vault monster count
 E = Vault monster count
 F = Vault count percentage of total count
                 A         B        C        D         E       F
            +---------+---------+-------+---------+---------+-------
      Total |   65638 |   58163 |  47.0 |     422 |     224 |  34.7
            +---------+---------+-------+---------+---------+-------
        D:1 |      48 |      16 |  25.0 |      24 |       6 |  20.0
        D:2 |      43 |       0 |   0.0 |      13 |       0 |   0.0
        D:3 |      80 |       4 |   4.8 |      18 |       2 |  10.0
        D:4 |     317 |     444 |  58.3 |      13 |       1 |   7.1
        D:5 |     354 |     227 |  39.1 |      14 |       1 |   6.7
        D:6 |     531 |       0 |   0.0 |      18 |       0 |   0.0
        D:7 |    1116 |       0 |   0.0 |      24 |       0 |   0.0
        D:8 |    1104 |     631 |  36.4 |      23 |       6 |  20.7
        D:9 |     281 |    2010 |  87.7 |       7 |      19 |  73.1
       D:10 |    2400 |    2568 |  51.7 |      20 |       9 |  31.0
       D:11 |    5177 |       0 |   0.0 |      36 |       0 |   0.0
       D:12 |    5681 |     105 |   1.8 |      28 |      12 |  30.0
       D:13 |    6232 |    3440 |  35.6 |      17 |       5 |  22.7
     Lair:1 |    5313 |    4896 |  48.0 |      17 |      16 |  48.5
     Lair:2 |    3947 |       0 |   0.0 |      11 |       0 |   0.0
     Lair:3 |    1414 |       0 |   0.0 |       7 |       0 |   0.0
     Lair:4 |    6135 |     776 |  11.2 |      23 |       4 |  14.8
     Lair:5 |    3775 |    4066 |  51.9 |      15 |       5 |  25.0
     Lair:6 |    4104 |   11954 |  74.4 |      15 |      33 |  68.8
   Shoals:1 |    4257 |    5069 |  54.4 |       8 |      11 |  57.9
   Shoals:2 |    8286 |    1764 |  17.6 |      16 |       6 |  27.3
      Orc:1 |    2282 |    3345 |  59.4 |      25 |       9 |  26.5
      Orc:2 |    2761 |   11531 |  80.7 |      30 |      27 |  47.4
      IceCv |       0 |    5317 | 100.0 |       0 |      52 | 100.0
            +---------+---------+-------+---------+---------+-------
